 Dungeon Crawl Stone Soup version 0.28.0-47-ge53b351184 (webtiles) character file.

Game seed: 10116185826370689027

4543 0gre the Frost Mage (level 10, -12/68 (74) HPs)
             Began as a Gnoll Ice Elementalist on May 3, 2022.
             Was a Priest of Vehumet.
             Mangled by an orc warrior
             ... wielding a +0 halberd
              (16 damage)
             ... on level 9 of the Dungeon on May 4, 2022.
             The game lasted 00:55:05 (10625 turns).

0gre the Frost Mage (Gnoll Ice Elementalist)       Turns: 10625, Time: 00:55:05

HP:   -12/68 (74)   AC:  8    Str: 14    XL:     10   Next: 40%
MP:   21/21         EV: 15    Int: 18    God:    Vehumet [***...]
Gold: 431           SH:  0    Dex: 13    Spells: 7/23 levels left

rFire   . . .      SeeInvis .   a - +2 battleaxe
rCold   . . .      Faith    .   (shield currently unavailable)
rNeg    . . .      Spirit   .   f - +2 robe {Archmagi}
rPois   .          Reflect  .   (no helmet)
rElec   .          Harm     .   s - +1 cloak
rCorr   .          Rampage  .   h - +1 pair of gloves
Will    +....      Archmagi +   (no boots)
Stlth   +++.......              (no amulet)
HPRegen 0.21/turn               l - ring of willpower
MPRegen 0.17/turn               q - +6 ring of strength

@: drained
A: fangs 1, strong nose, distributed training
a: Renounce Religion


You were on level 9 of the Dungeon.
You worshipped Vehumet.
Vehumet was most pleased with you.
You visited 2 branches of the dungeon, and saw 10 of its levels.
You also visited: Ossuary.

You collected 485 gold pieces.
You spent 54 gold pieces at shops.

Inventory:

Hand Weapons
 a - a +2 battleaxe (weapon)
 b - a +0 hand crossbow
 c - a +2 halberd of freezing
Missiles
 d - 138 stones
 i - 30 poisoned darts
 o - 6 javelins (quivered)
 t - 81 bolts
 x - 5 silver javelins
 B - 105 arrows
Armour
 f - a +2 robe of the Archmagi (worn)
 h - a +1 pair of gloves (worn)
 s - a +1 cloak (worn)
 w - +0 steam dragon scales
Magical Staves
 e - a staff of earth
Jewellery
 l - a ring of willpower (left hand)
 q - a +6 ring of strength (right hand)
 v - a ring of resist corrosion
Wands
 r - a wand of digging (12)
Scrolls
 j - 3 scrolls of fog
 p - a scroll of enchant armour
 y - a scroll of brand weapon {unknown}
 z - a scroll of holy word {unknown}
 C - a scroll of teleportation {unknown}
 D - a scroll of fear {unknown}
 G - a scroll of magic mapping {unknown}
Potions
 g - 3 potions of flight
 k - a potion of brilliance {unknown}
 m - 3 potions of curing
 n - 3 potions of haste
 u - a potion of invisibility {unknown}
 A - 2 potions of ambrosia
 E - a potion of heal wounds {unknown}
 F - a potion of mutation {unknown}
 H - a potion of magic {unknown}


   Skills:
 + Level 5.2 Fighting
 + Level 5.2 Short Blades
 + Level 5.2 Long Blades
 + Level 5.2 Axes
 + Level 5.2 Maces & Flails
 + Level 5.2 Polearms
 + Level 5.2 Staves
 + Level 5.2 Slings
 + Level 5.2 Bows
 + Level 5.2 Crossbows
 + Level 5.2 Throwing
 + Level 5.2 Armour
 + Level 7.0 Dodging
 + Level 6.8 Stealth
 + Level 5.2 Shields
 + Level 5.2 Unarmed Combat
 + Level 7.3 Spellcasting
 + Level 4.3 Conjurations
 + Level 4.3 Hexes
 + Level 4.3 Summonings
 + Level 4.3 Necromancy
 + Level 4.3 Translocations
 + Level 4.3 Transmutations
 + Level 4.3 Fire Magic
 + Level 8.4 Ice Magic
 + Level 4.3 Air Magic
 + Level 4.3 Earth Magic
 + Level 4.3 Poison Magic
 + Level 5.7 Invocations
 + Level 5.2 Evocations


You had 7 spell levels left.
You knew the following spells:

 Your Spells              Type           Power      Damage    Failure   Level
a - Freeze                Ice            100%       1d11      1%          1
b - Frozen Ramparts       Ice            100%       1d12      1%          3
c - Mephitic Cloud        Conj/Pois/Air  33%        N/A       1%          3
q - Hailstorm             Conj/Ice       44%        3d10      2%          4
s - Searing Ray           Conj           66%        2d6       1%          2
w - Stone Arrow           Conj/Erth      66%        3d11      1%          3

Your spell library contained the following spells:

 Spells                   Type           Power      Damage    Failure   Level
 Magic Dart               Conj           100%       1d8       1%          1
 Ozocubu's Armour         Ice            53%        N/A       1%          3
 Fulminant Prism          Conj/Hex       16%        3d11      4%          4
 Animate Armour           Summ/Erth      66%        N/A       17%         4
 Lehudib's Crystal Spear  Conj/Erth      16%        10d5      100%        8


Dungeon Overview and Level Annotations

Branches:
Dungeon (9/15)             Temple (1/1) D:4         Ossuary (visited)
   Lair: D:8-11         Orc: D:9-12

Altars:
Ashenzari
Cheibriados
Dithmenos
Elyvilon
Fedhas
Gozag
Hepliaklqana
Kikubaaqudgha
Makhleb
Nemelex Xobeh
Okawaru
Qazlal
Ru
Sif Muna
Trog
Uskayaw
Vehumet
Wu Jian
Xom
Yredelemnul
Zin
The Shining One

Shops:
D:2 =   D:4 [   D:5 *


Innate Abilities, Weirdness & Mutations

You have very sharp teeth.
Your uncanny sense of smell can sniff out nearby items.
Your experience applies equally to all skills.


Message History

You kill the orc!
Vehumet accepts your kill.
The orc warrior hits you from afar with a +0 halberd!
The orc warrior hits you with a +0 halberd!
Things that are here:
a +0 dagger; a +0 robe; an orc corpse You slash the orc warrior!
The orc warrior is moderately wounded.
The orc warrior closely misses you.
The orc warrior hits you with a +0 halberd!
You slash the orc warrior!
The orc warrior is severely wounded.
The orc warrior closely misses you.
You closely miss the orc warrior.
The orc warrior is severely wounded.
The orc warrior hits you with a +0 halberd.
The orc warrior hits you with a +0 halberd!
* * * LOW HITPOINT WARNING * * *
You barely miss the orc warrior.
You bite the orc warrior, but do no damage.
The orc warrior is severely wounded.
The orc warrior misses you.
You closely miss the orc warrior.
The orc warrior is severely wounded.
The orc warrior misses you. x2
You hit the orc warrior but do no damage.
The orc warrior is severely wounded.
The orc warrior closely misses you.
You feel better. The orc warrior misses you.
You barely miss the orc warrior.
The orc warrior is severely wounded.
The orc warrior hits you with a +0 halberd.
* * * LOW HITPOINT WARNING * * *
The orc warrior hits you with a +0 halberd!
* * * LOW HITPOINT WARNING * * *
You hit the orc warrior but do no damage.
Your bite misses the orc warrior.
The orc warrior is severely wounded.
The orc warrior hits you with a +0 halberd!
You die...

########
#.@o..(#
#)####(# #.#
#.# ###.#
#######...#
#.....#.###
#.#...#.###.###
#.#.###.......#


You could see an orc warrior.

Vanquished Creatures
  Maggie (D:7)
  A shadow (D:5)
  Eustachio (D:6)
  A steam dragon (D:6)
  2 water moccasins
  Duvessa (D:7)
  A hornet zombie (D:5)
  2 black bears (D:6)
  2 ice beasts (D:5)
  4 ogres
  A necrophage (D:5)
  2 phantoms
  2 kobold brigands
  5 scorpions
  4 bullfrogs (D:8)
  3 water moccasin zombies (Ossuary)
  Dowan (D:7)
  2 water moccasin skeletons (D:6)
  12 killer bees
  4 wights (D:9)
  A vampire bat (D:8)
  A howler monkey (D:9)
  2 bullfrog zombies
  2 jellies (D:6)
  4 iguanas
  2 centaur zombies (D:9)
  3 hounds
  A bullfrog skeleton (D:4)
  2 orc wizards
  A killer bee zombie (D:6)
  2 mummies (Ossuary)
  A howler monkey zombie (D:8)
  2 river rats (D:6)
  8 adders
  2 white imps
  An ufetubus (D:4)
  3 adder zombies (Ossuary)
  3 dart slugs
  2 worms
  14 orcs
  6 ball pythons
  13 bats
  8 endoplasms
  4 gnoll zombies (Ossuary)
  2 goblins (D:2)
  3 hobgoblins (D:2)
  2 jackals (D:1)
  17 kobolds
  2 quokkas (D:6)
  14 frilled lizards
  6 hobgoblin zombies (Ossuary)
  6 kobold zombies (Ossuary)
  3 orc zombies (Ossuary)
  4 rats
199 creatures vanquished.

Vanquished Creatures (others)
  2 plants (D:1)
2 creatures vanquished.

Grand Total: 201 creatures vanquished

Notes
Turn   | Place    | Note
-------+----------+-------------------------------------------
     0 | D:1      | 0gre the Gnoll Ice Elementalist began the quest for the
                  | Orb.
     0 | D:1      | Reached XP level 1. HP: 13/13 MP: 6/6
   415 | D:1      | Reached XP level 2. HP: 15/19 MP: 4/7
  1013 | D:1      | Reached XP level 3. HP: 22/25 MP: 7/9
  1017 | D:1      | Learned a level 3 spell: Frozen Ramparts
  1177 | D:1      | Reached skill level 5 in Spellcasting
  1286 | D:1      | Found a faded altar of an unknown god.
  1328 | D:2      | Noticed an ogre
  1437 | D:2      | Reached skill level 1 in Invocations
  1715 | D:2      | Reached skill level 1 in Fighting
  1715 | D:2      | Reached skill level 1 in Short Blades
  1715 | D:2      | Reached skill level 1 in Long Blades
  1715 | D:2      | Reached skill level 1 in Axes
  1715 | D:2      | Reached skill level 1 in Maces & Flails
  1715 | D:2      | Reached skill level 1 in Polearms
  1715 | D:2      | Reached skill level 1 in Staves
  1715 | D:2      | Reached skill level 1 in Slings
  1715 | D:2      | Reached skill level 1 in Bows
  1715 | D:2      | Reached skill level 1 in Crossbows
  1715 | D:2      | Reached skill level 1 in Throwing
  1715 | D:2      | Reached skill level 1 in Armour
  1715 | D:2      | Reached skill level 1 in Shields
  1715 | D:2      | Reached skill level 1 in Unarmed Combat
  1715 | D:2      | Reached skill level 1 in Evocations
  1891 | D:2      | Found Mezegg's Jewellery Boutique.
  1997 | D:2      | Reached XP level 4. HP: 31/32 MP: 11/11
  2443 | D:2      | Killed an ogre
  2444 | D:2      | Reached skill level 1 in Conjurations
  2444 | D:2      | Reached skill level 1 in Hexes
  2444 | D:2      | Reached skill level 1 in Summonings
  2444 | D:2      | Reached skill level 1 in Necromancy
  2444 | D:2      | Reached skill level 1 in Translocations
  2444 | D:2      | Reached skill level 1 in Transmutations
  2444 | D:2      | Reached skill level 1 in Fire Magic
  2444 | D:2      | Reached skill level 1 in Air Magic
  2444 | D:2      | Reached skill level 1 in Earth Magic
  2444 | D:2      | Reached skill level 1 in Poison Magic
  2444 | D:2      | Reached XP level 5. HP: 28/37 MP: 8/12
  3512 | D:4      | Reached XP level 6. HP: 35/44 MP: 10/13
  3560 | D:4      | Reached skill level 5 in Dodging
  3618 | D:4      | Found a staircase to the Ecumenical Temple.
  3639 | Temple   | Entered the Ecumenical Temple
  3928 | Temple   | Became a worshipper of Vehumet
  4095 | D:4      | Found Rigo's Armour Emporium.
  4190 | D:4      | Bought a +0 cloak for 54 gold pieces
  4480 | D:5      | Entered Level 5 of the Dungeon
  4497 | D:5      | Reached XP level 7. HP: 50/50 MP: 11/15
  4960 | D:5      | Reached skill level 5 in Stealth
  5100 | D:5      | Noticed a shadow
  5109 | D:5      | Killed a shadow
  5110 | D:5      | Reached XP level 8. HP: 47/57 MP: 16/16
  5387 | D:5      | Found Jebawn's Gadget Gallery.
  6052 | D:6      | Learned a level 4 spell: Hailstorm
  6054 | D:6      | Noticed Eustachio
  6086 | D:6      | Killed Eustachio
  6520 | D:6      | Reached XP level 9. HP: 57/65 MP: 14/18
  6952 | D:6      | Learned a level 3 spell: Stone Arrow
  7057 | D:6      | Reached * piety under Vehumet
  7057 | D:6      | Offered knowledge of Foxfire by Vehumet.
  7173 | D:6      | Reached skill level 8 in Ice Magic
  8130 | D:7      | Noticed Maggie
  8135 | D:7      | Noticed Duvessa
  8141 | D:7      | Noticed Dowan
  8141 | D:7      | Killed Maggie
  8142 | D:7      | Reached skill level 5 in Invocations
  8143 | D:7      | Killed Duvessa
  8147 | D:7      | Killed Dowan
  8160 | D:7      | Found a sand-covered staircase.
  8164 | Ossuary  | Entered an ossuary
  8295 | Ossuary  | Reached XP level 10. HP: 56/73 MP: 20/20
  8537 | Ossuary  | Reached ** piety under Vehumet
  8537 | Ossuary  | Offered knowledge of Scorch by Vehumet.
  9025 | D:8      | Learned a level 2 spell: Searing Ray
  9088 | D:8      | Reached skill level 5 in Fighting
  9088 | D:8      | Reached skill level 5 in Short Blades
  9088 | D:8      | Reached skill level 5 in Long Blades
  9088 | D:8      | Reached skill level 5 in Axes
  9088 | D:8      | Reached skill level 5 in Maces & Flails
  9088 | D:8      | Reached skill level 5 in Polearms
  9088 | D:8      | Reached skill level 5 in Staves
  9088 | D:8      | Reached skill level 5 in Slings
  9088 | D:8      | Reached skill level 5 in Bows
  9088 | D:8      | Reached skill level 5 in Crossbows
  9088 | D:8      | Reached skill level 5 in Throwing
  9088 | D:8      | Reached skill level 5 in Armour
  9088 | D:8      | Reached skill level 5 in Shields
  9088 | D:8      | Reached skill level 5 in Unarmed Combat
  9088 | D:8      | Reached skill level 5 in Evocations
  9620 | D:8      | Offered knowledge of Mephitic Cloud by Vehumet.
  9635 | D:8      | Learned a level 3 spell: Mephitic Cloud
  9889 | D:8      | Found a sparkling altar of Nemelex Xobeh.
 10233 | D:9      | Reached *** piety under Vehumet
 10625 | D:9      | Mangled by an orc warrior

Illustrated notes

Levels and vault maps discovered:
D:1:      matt_arrival_grand_opening, layout_loops_ring,
          shapermc_ecumenical_altar_mp_vishouse, serial_bayou_pond_d,
          minmay_lizard_king
D:2:      layout_basic, serial_shops, nicolae_shop_stone,
          kennysheep_generic_room_12
D:3:      layout_basic
D:4:      layout_cave_pools, minmay_temple_entry_grid, serial_shops,
          nicolae_shop_temple_entry_statues_fountains
D:5:      layout_loops_corners, chequers_serial_rivers_marsh,
          minmay_misc_feat_nine_boxes, nicolae_shop_gadgets
D:6:      layout_basic, gup_sewer_entry_spiral, uniq_eustachio
D:7:      layout_basic, enter_ossuary_5, minmay_misc_feat_plants, uniq_duvessa,
          uniq_maggie
D:8:      layout_loops_corners, nemelex_spade_bored_becter, roderic_batcave
D:9:      layout_basic
Temple:   mainiacjoe_temple_trianglar_array

Skill      XL: |  1  2  3  4  5  6  7  8  9 10 |
---------------+-------------------------------+-----
Spellcasting   | 5 6 7 |  7.3
Invocations    | 1 2 3 4 5 |  5.7
Fighting       | 1 2 3 4 5 |  5.2
Short Blades   | 1 2 3 4 5 |  5.2
Long Blades    | 1 2 3 4 5 |  5.2
Axes           | 1 2 3 4 5 |  5.2
Maces & Flails | 1 2 3 4 5 |  5.2
Polearms       | 1 2 3 4 5 |  5.2
Staves         | 1 2 3 4 5 |  5.2
Slings         | 1 2 3 4 5 |  5.2
Bows           | 1 2 3 4 5 |  5.2
Crossbows      | 1 2 3 4 5 |  5.2
Throwing       | 1 2 3 4 5 |  5.2
Armour         | 1 2 3 4 5 |  5.2
Shields        | 1 2 3 4 5 |  5.2
Unarmed Combat | 1 2 3 4 5 |  5.2
Evocations     | 1 2 3 4 5 |  5.2
Conjurations   | 1 2 3 4 |  4.3
Hexes          | 1 2 3 4 |  4.3
Summonings     | 1 2 3 4 |  4.3
Necromancy     | 1 2 3 4 |  4.3
Translocations | 1 2 3 4 |  4.3
Transmutations | 1 2 3 4 |  4.3
Fire Magic     | 1 2 3 4 |  4.3
Air Magic      | 1 2 3 4 |  4.3
Earth Magic    | 1 2 3 4 |  4.3
Poison Magic   | 1 2 3 4 |  4.3
Dodging        | 5 6 7 |  7.0
Stealth        | 5 6 |  6.8
Ice Magic      | 8 |  8.4

Action                   |  1- 3 |  4- 6 |  7- 9 | 10-12 || total
-------------------------+-------+-------+-------+-------++-------
Melee: Dagger            |    43 |       |       |       ||    43
       Unarmed           |     6 |       |       |       ||     6
       Bite              |     4 |     3 |    21 |    23 ||    51
       Short sword       |     8 |    21 |       |       ||    29
       Punch             |     2 |       |       |       ||     2
       Battleaxe         |       |    28 |   192 |   129 ||   349
 Fire: Hunting sling     |       |    41 |    69 |     9 ||   119
       Hand crossbow     |       |       |       |    39 ||    39
Throw: Dart              |       |     3 |    11 |       ||    14
       Stone             |       |       |       |     2 ||     2
 Cast: Freeze            |    27 |     6 |       |     1 ||    34
       Frozen Ramparts   |     4 |     6 |    23 |     8 ||    41
       Hailstorm         |       |       |     4 |       ||     4
       Stone Arrow       |       |       |     2 |       ||     2
       Searing Ray       |       |       |       |     2 ||     2
  Use: Scroll            |       |    10 |     1 |     4 ||    15
       Potion            |       |       |     1 |     1 ||     2
 Stab: Sleeping          |     4 |     6 |     3 |       ||    13
Armor: Robe              |     5 |    14 |   100 |    51 ||   170
Dodge: Dodged            |    45 |    41 |   184 |    92 ||   362
